 Dungeon Crawl Stone Soup version 0.15.1-1-gfacfea3 (webtiles) character file.

281 CrazyArbalest the Soul Tainter (level 6, -1/46 HPs)
             Began as a Human Death Knight on Sept 20, 2014.
             Was a Priest of Yredelemnul.
             Slain by a big kobold (3 damage)
             ... on Level 3 of the Dungeon.
             The game lasted 00:14:59 (1820 turns).

CrazyArbalest the Soul Tainter (Human Death Knight) Turns: 1820, Time: 00:15:01

HP  -1/46        AC  6     Str 14      XL: 6   Next: 53%
MP  12/12        EV 12     Int 11      God: Yredelemnul [***...]
Gold 39          SH  0     Dex 14      Spells:  0 memorised,  5 levels left

rFire  . . .     SeeInvis .     k - +3 short sword (venom)
rCold  . . .     Clarity  .     b - +0 leather armour
rNeg   . . .     rCorr    .     (no shield)
rPois  .         rRot     .     (no helmet)
rElec  .         Spirit   .     (no cloak)
SustAb .         Warding  .     d - +2 pair of gloves
rMut   .         Stasis   .     (no boots)
Gourm  .                        (no amulet)
MR     .....                    (no ring)
                                (no ring)

@: injury mirror, not resistant to hostile enchantments, very unstealthy
A: no striking features
a: Animate Dead, Recall Undead Slaves, Injury Mirror, Renounce Religion


You were on level 3 of the Dungeon.
You worshipped Yredelemnul.
Yredelemnul was most pleased with you.
You were very hungry.

You visited 1 branch of the dungeon, and saw 3 of its levels.

You collected 39 gold pieces.

Inventory:

Hand weapons
 a - a +1 mace
 f - a +0 whip
 k - a +3 short sword of venom (weapon)
 n - a +1 hand axe of venom
Armour
 b - a +0 leather armour (worn)
 d - a +2 pair of gloves (worn)
Comestibles
 c - 2 bread rations
 j - 2 meat rations
 s - a beef jerky
Scrolls
 h - 3 scrolls of identify {unknown}
 i - a scroll of amnesia {unknown}
 l - a scroll of teleportation {unknown}
 p - a scroll of blinking {unknown}
 t - a scroll of noise {unknown}
 u - 2 scrolls of fog {unknown}
 v - a scroll of fear {unknown}
Potions
 e - 2 potions of curing {unknown}
 g - a potion of might {unknown}
 m - a potion of lignification {unknown}
 o - a potion of cure mutation {unknown}
 q - a potion of haste {unknown}
 r - 2 potions of flight {unknown}
 x - a potion of mutation {unknown}


   Skills:
 + Level 2.7 Fighting
 + Level 1.5 Short Blades
 + Level 2.2 Maces & Flails
 + Level 1.9 Armour
 + Level 2.7 Dodging
 + Level 5.5 Invocations


You had 5 spell levels left.
You didn't know any spells.

Dungeon Overview and Level Annotations

Branches:
Dungeon (3/15)

Altars:


Message History

Yredelemnul mirrors your injury!
You kill the gnoll!
Yredelemnul accepts your kill.
You closely miss the big kobold.
The big kobold is heavily wounded.
The big kobold barely misses you. The hobgoblin misses you.
You closely miss the big kobold.
The big kobold is heavily wounded.
The big kobold barely misses you.
The hobgoblin hits you but does no damage.
The hobgoblin closely misses you. The gnoll hits you but does no damage.
You barely miss the hobgoblin. The big kobold closely misses you.
The hobgoblin barely misses you. The gnoll barely misses you.
You hit the hobgoblin.
The hobgoblin is poisoned.
The hobgoblin is heavily wounded.
You kill the hobgoblin!
Yredelemnul accepts your kill. The big kobold hits you.
You die...
Your body rises from the dead as a mindless zombie.

#########################
#........@KK...#.......#..
#........g$....).......#..
#..........)...#########..
...########..........#Z..
... #..........Z...
....########..........#Z..
#......)K..Z...#########.(
#......Kg......'.......#((
#.....()Z......#.......#(.


You could see 2 big kobolds and a gnoll.

Vanquished Creatures
  A big kobold (D:3)
  A gnoll (D:3)
  4 adders
  A giant mite (D:1)
  A worm (D:2)
  3 giant geckos (D:1)
  6 orcs (D:3)
  A ball python (D:2)
  7 hobgoblins
  4 jackals (D:2)
  14 kobolds
  4 quokkas (D:2)
  5 bats
  2 giant cockroaches
  2 giant newts (D:2)
  9 goblins
  8 rats
73 creatures vanquished.

Vanquished Creatures (collateral kills)
  A big kobold (D:3)
  An adder (D:3)
  2 bats (D:1)
  3 kobolds (D:3)
  A giant newt (D:1)
  2 rats (D:1)
10 creatures vanquished.

Vanquished Creatures (others)
  2 adder zombies (D:3)
  2 giant gecko zombies (D:1)
  5 kobold zombies (D:3)
  4 orc zombies (D:3)
  2 rat zombies
15 creatures vanquished.

Grand Total: 98 creatures vanquished

Notes
Turn   | Place    | Note
--------------------------------------------------------------
     0 | D:1      | CrazyArbalest, the Human Death Knight, began the quest for the Orb.
     0 | D:1      | Reached XP level 1. HP: 16/16 MP: 2/2
   181 | D:1      | Reached XP level 2. HP: 17/22 MP: 1/3
   408 | D:1      | Reached XP level 3. HP: 24/28 MP: 5/5
   873 | D:2      | Acquired Yredelemnul's second power
   876 | D:2      | Reached XP level 4. HP: 21/34 MP: 7/7
   926 | D:2      | Reached skill level 4 in Invocations
  1378 | D:2      | Reached XP level 5. HP: 35/39 MP: 9/9
  1714 | D:3      | Acquired Yredelemnul's third power
  1783 | D:3      | Reached skill level 1 in Short Blades
  1783 | D:3      | Reached skill level 5 in Invocations
  1783 | D:3      | Reached XP level 6. HP: 24/46 MP: 11/11
  1815 | D:3      | HP: 1/46 [gnoll/spear (4)]
  1820 | D:3      | Slain by a big kobold

Action                   |  1- 3 |  4- 6 || total
-------------------------+-------+-------++-------
Melee: Mace              |    71 |       ||    71
       Short sword       |     8 |   122 ||   130
Invok: Animate Remains   |    17 |    22 ||    39
       Animate Dead      |       |     2 ||     2
       Injury Mirror     |       |     1 ||     1
 Stab: Distracted        |       |     1 ||     1
  Eat: Chunk             |     1 |     4 ||     5
